 Dungeon Crawl Stone Soup version 0.31.0-12-g77e489cdc1 (webtiles) character file.

Game seed: 15592631083788640006

1595 Peloso the Carver (level 8, -4/70 HPs)
             Began as a Minotaur Fighter on Mar 2, 2024.
             Slain by a gnoll sergeant
             ... wielding a +2 spear of flaming
              (10 damage)
             ... on level 5 of the Dungeon.
             The game lasted 00:07:30 (5059 turns).

Peloso the Carver (Minotaur Fighter)                Turns: 5059, Time: 00:07:31

Health: -4/70      AC: 10    Str: 21    XL:     8   Next: 62%
Magic:  7/7        EV:  9    Int:  5    God:
Gold:   169        SH:  5    Dex: 12    Spells: 7/7 levels left

rFire   . . .        a - +0 long sword (vamp)
rCold   . . .        d - +0 buckler
rNeg    . . .        r - +0 chain mail
rPois   .            (helmet restricted)
rElec   .            (no cloak)
rCorr   .            (no gloves)
SInv    .            (no boots)
Will    .....        (no amulet) Stlth
                     (no ring)
HPRegen 0.31/turn    (no ring)
MPRegen 0.10/turn

%: no passive effects
@: no status effects
A: horns 2, retaliatory headbutt, sense surroundings 1
a: no special abilities


You were on level 5 of the Dungeon.
You visited 2 branches of the dungeon, and saw 6 of its levels.

You collected 169 gold pieces.

Inventory:

Hand Weapons
 a - a +0 vampiric long sword (weapon)
 b - a +0 spear of flaming
Missiles
 j - a throwing net (quivered)
Armour
 d - a +0 buckler (worn)
 r - a +0 chain mail (worn)
 w - a +0 plate armour
Jewellery
 l - a ring of ice
Talismans
 c - a serpent talisman
Scrolls
 f - a scroll of torment {unknown}
 g - a scroll of fog
 k - 4 scrolls of noise
 m - 2 scrolls of identify
 n - a scroll of teleportation {unknown}
 p - a scroll of poison {unknown}
 q - a scroll of enchant armour {unknown}
 s - a scroll of blinking
 v - a scroll of fear {unknown}
Potions
 e - 3 potions of curing {unknown}
 h - 2 potions of lignification {unknown}
 i - a potion of cancellation {unknown}
 o - a potion of might
 t - a potion of berserk rage {unknown}
 u - a potion of brilliance {unknown}


   Skills:
 + Level 6.3 Fighting
 + Level 8.8 Long Blades
 + Level 7.6 Armour
 + Level 2.4 Dodging
 + Level 0.4 Stealth
 + Level 5.4 Shields


You had 7 spell levels left.
You didn't know any spells.
Your spell library contained the following spells:

 Spells                   Type           Power      Damage    Failure   Level
 Freeze                   Ice            0%         1d3       98%         1
 Kiss of Death            Conj/Necr      0%         2d5       98%         1
 Mercury Vapours          Alch/Air       0%         N/A       99%         2
 Confusing Touch          Hex            0%         N/A       100%        3
 Frozen Ramparts          Ice            0%         1d1       100%        3
 Hailstorm                Conj/Ice       0%         3d5       100%        3
 Mephitic Cloud           Conj/Alch/Air  0%         N/A       100%        3
 Dispel Undead            Necr           0%         3d6       100%        4
 Freezing Cloud           Conj/Ice/Air   0%         6-21      100%        5


Dungeon Overview and Level Annotations

Branches:
Dungeon (5/15)             Temple (1/1) D:4

Altars:
Dithmenos
Elyvilon
Kikubaaqudgha
Ru
Sif Muna
Trog
Uskayaw
Vehumet
Wu Jian
Xom
Yredelemnul
Zin

Shops:
D:3 (   D:4 [   D:5 ?


Innate Abilities, Weirdness & Mutations

You have a pair of horns on your head.
You reflexively headbutt those who attack you in melee.
You passively map a small area around you.


Message History

An orc comes into view. It is wielding a +0 flail.
The dart slug bites you but does no damage.
The orc shouts!
You hit the dart slug.
You feel better.
The dart slug is almost dead.
You hit the dart slug.
You kill the dart slug!
You slash the orc!
You feel better.
You kill the orc!
A gnoll sergeant comes into view. It is wielding a +2 spear of flaming.
Items here: )) [ ††.
Items here: )) [ ††.
Items here: $ ) [ †††.
You block the gnoll sergeant's attack.
Items here: $ ) [ †††.
The gnoll sergeant barely misses you.
Items here: )) [ ††.
You hit the gnoll sergeant but do no damage.
The gnoll sergeant closely misses you. You furiously retaliate!
You headbutt the gnoll sergeant, but do no damage.
You hit the gnoll sergeant.
You feel better.
The gnoll sergeant is lightly wounded.
The gnoll sergeant hits you with a +2 spear of flaming.
* * * LOW HITPOINT WARNING * * *
The gnoll sergeant burns you.
* * * LOW HITPOINT WARNING * * *
You hit the gnoll sergeant but do no damage.
The gnoll sergeant is lightly wounded.
The gnoll sergeant hits you with a +2 spear of flaming.
* * * LOW HITPOINT WARNING * * *
The gnoll sergeant burns you.
* * * LOW HITPOINT WARNING * * *
You hit the gnoll sergeant but do no damage.
The gnoll sergeant is lightly wounded.
The gnoll sergeant misses you. You furiously retaliate!
You headbutt the gnoll sergeant, but do no damage.
You barely miss the gnoll sergeant.
The gnoll sergeant is lightly wounded.
The gnoll sergeant hits you with a +2 spear of flaming!
You die...

* * #..#....#### *
###.#####....#### #...#
####....##
########.######* ####...
#............... #...##.
#.####.....####.#......##
* ,##...## , .........# ,
,,##$## , ........). *
#@# ......:... ** #g#',*
.......... * * #...#
........... ,
...8...,...........† ,
,###...###............ ,*
*, '#.#', #........... *
..#.#.. *#....).....
.##.##., #..........
.#*... #.,#......†...


You could see a gnoll sergeant.

Vanquished Creatures
  A hornet (D:5)
  Grinder (D:3)
  A water moccasin (D:5)
  Edmund (D:4)
  2 ice beasts
  2 ogres (D:5)
  A phantom (D:5)
  A scorpion (D:5)
  A howler monkey (D:5)
  A bombardier beetle (D:4)
  An orc priest (D:4)
  3 hounds (D:5)
  Jessica (D:2)
  An orc wizard (D:4)
  Robin (D:3)
  9 adders
  6 gnolls
  2 shadow imps (D:5)
  2 dart slugs
  2 ribbon worms
  11 orcs
  9 ball pythons
  8 bats
  4 endoplasms
  3 giant cockroaches
  16 goblins
  6 hobgoblins
  4 jackals
  4 quokkas
  7 frilled lizards
  8 kobolds
  4 rats
124 creatures vanquished.

Notes
Turn   | Place    | Note
-------+----------+-------------------------------------------
     0 | D:1      | Peloso the Minotaur Fighter began the quest for the Orb.
     0 | D:1      | Reached XP level 1. HP: 19/19 MP: 0/0
     4 | D:1      | Noticed a merfolk
     4 | D:1      | Noticed a ghoul
     6 | D:1      | Noticed an armataur
     6 | D:1      | Noticed a minotaur
     8 | D:1      | Noticed a vampire
     8 | D:1      | Noticed a draconian
    10 | D:1      | Noticed a demigod
    10 | D:1      | Noticed a naga
    12 | D:1      | Noticed an oni
    12 | D:1      | Noticed an octopode
    14 | D:1      | Noticed a djinni
    14 | D:1      | Noticed a tengu
    16 | D:1      | Noticed a demonspawn
    18 | D:1      | Noticed a felid
    18 | D:1      | Noticed a spriggan
    20 | D:1      | Noticed a troll
    22 | D:1      | Noticed a gargoyle
    22 | D:1      | Noticed a formicid
    24 | D:1      | Noticed a vine stalker
    24 | D:1      | Noticed an elf
    26 | D:1      | Noticed a human
    26 | D:1      | Noticed a barachi
   244 | D:1      | Reached XP level 2. HP: 27/27 MP: 1/1
   872 | D:1      | Reached XP level 3. HP: 33/33 MP: 2/2
  1018 | D:1      | Gained mutation: You passively map a small area around you.
                  | [potion of mutation]
  1230 | D:2      | Reached skill level 3 in Long Blades
  1370 | D:2      | Reached XP level 4. HP: 37/40 MP: 3/3
  1418 | D:2      | Noticed Jessica
  1428 | D:2      | Killed Jessica
  1429 | D:2      | Reached skill level 4 in Long Blades
  2391 | D:3      | Found Igojian's Antique Weapon Boutique.
  2415 | D:3      | Found a basalt altar of Yredelemnul.
  2420 | D:3      | Reached XP level 5. HP: 47/47 MP: 4/4
  2586 | D:3      | Noticed Grinder
  2596 | D:3      | Killed Grinder
  2597 | D:3      | Reached skill level 5 in Long Blades
  2597 | D:3      | Reached skill level 5 in Armour
  2597 | D:3      | Reached skill level 1 in Dodging
  2597 | D:3      | Reached XP level 6. HP: 38/53 MP: 5/5
  2670 | D:3      | Identified the +0 helmet "Voheuran" {Fly rCorr Int-5}
  2670 | D:3      | Noticed Robin
  2691 | D:3      | Killed Robin
  2935 | D:3      | Noticed an ice beast
  2944 | D:3      | Killed an ice beast
  2945 | D:3      | Reached skill level 6 in Long Blades
  3311 | D:3      | Identified the +1 scale mail of Unambiguity {Dex+4}
  3473 | D:4      | Found a shadowy altar of Dithmenos.
  3616 | D:4      | Found Wogoviss's Armour Shoppe.
  3714 | D:4      | Reached XP level 7. HP: 43/60 MP: 6/6
  3789 | D:4      | Found a staircase to the Ecumenical Temple.
  3805 | Temple   | Entered the Ecumenical Temple
  4016 | D:4      | Found a glowing silver altar of Zin.
  4381 | D:4      | Found an ancient bone altar of Kikubaaqudgha.
  4382 | D:4      | Noticed Edmund
  4414 | D:4      | Killed Edmund
  4415 | D:4      | Reached skill level 5 in Fighting
  4415 | D:4      | Reached skill level 7 in Long Blades
  4415 | D:4      | Reached skill level 5 in Shields
  4720 | D:5      | Entered Level 5 of the Dungeon
  4722 | D:5      | Found Vink's Magic Scroll Emporium.
  4847 | D:5      | Reached XP level 8. HP: 41/69 MP: 7/7
  4905 | D:5      | HP: 3/70 [poisoned by a water moccasin]
  5006 | D:5      | Noticed a hornet
  5018 | D:5      | Killed a hornet
  5019 | D:5      | Reached skill level 8 in Long Blades
  5031 | D:5      | HP: 2/70 [ice beast (13)]
  5059 | D:5      | Slain by a gnoll sergeant

Illustrated notes

Levels and vault maps discovered:
D:1:      kb_arrival_jail, layout_basic
D:2:      layout_basic, kennysheep_potato, uniq_jessica
D:3:      layout_basic, overflow_temple_1_default, serial_shops, shop,
          uniq_grinder, uniq_robin
D:4:      layout_loops_ring, zin_academy, kiku_gazebo_pond_becter,
          nicolae_dithmenos_shadow_blocks, minmay_temple_entry_glassed_door,
          serial_aquarium, aquarium_bridge_square [aquarium_subvault_window,
          aquarium_subvault_bridge, aquarium_subvault_window,
          aquarium_subvault_wall], aquarium_window_fake,
          aquarium_window_corridor_2, aquarium_window_1, aquarium_window_1,
          aquarium_view_4, serial_shops, shop, kennysheep_generic_room_13,
          uniq_edmund
D:5:      cheibrodos_barr_body, layout_cave_pods, portal_sewer_entry_d,
          serial_shops, shop_scrolls
Temple:   nicolae_temple_colour_theory

Skill      XL: |  1  2  3  4  5  6  7  8 |
---------------+-------------------------+-----
Shields        | 4 5 |  5.4
Fighting       | 4 5 6 |  6.3
Armour         | 4 5 6 7 |  7.6
Long Blades    | 3 4 5 6 7 8 |  8.8
Dodging        | 1 2 |  2.4
Stealth        | |  0.4

Action                     |  1- 3 |  4- 6 |  7- 9 || total
---------------------------+-------+-------+-------++-------
  Melee: Long sword        |    96 |   140 |   159 ||   395
         Headbutt          |    11 |    22 |    31 ||    64
    Use: Scroll            |     4 |     1 |       ||     5
         Potion            |     3 |       |     1 ||     4
 Armour: Scale mail        |    73 |    89 |       ||   162
         Chain mail        |       |    16 |   106 ||   122
  Dodge: Dodged            |    58 |    65 |    49 ||   172
  Block: Buckler           |    35 |    35 |    27 ||    97
